CAL
LANCASTER JETHAWKS @ RANCHO CUCAMONGA QUAKES
05/12/2099
 
TOP OF THE 1ST
Lancaster JetHawks batting - Pitching for Rancho Cucamonga Quakes : LHP Jesus Ocana
Pitching: LHP Jesus Ocana
Batting: RHB Danny Malave 0-0: Swinging Strike
0-1: Called Strike
0-2: Strikes out swinging
Batting: RHB Matt Widman 0-0: Fly out, F9 (Flyball, 9D, EV 103.8 MPH)
Batting: RHB James Woodard 0-0: Foul Ball, location: 2F
0-1: Foul Ball, location: 9LMF
0-2: Foul Ball, location: 2F
0-2: Ball
1-2: Strikes out looking
Top of the 1st over - 0 runs, 0 hits, 0 errors, 0 left on base; Lancaster 0 - Rancho Cucamonga 0
BOTTOM OF THE 1ST
Rancho Cucamonga Quakes batting - Pitching for Lancaster JetHawks : RHP Avery Norris
Pitching: RHP Avery Norris
Batting: SHB Ramon Faustino 0-0: Ball
1-0: Called Strike
1-1: Called Strike
1-2: Foul Ball, location: 5F
1-2: Strikes out swinging
Batting: LHB Morgan Fiore 0-0: Ball
1-0: Ball
2-0: Called Strike
2-1: Foul Ball, location: 2F
2-2: SINGLE (Line Drive, 34D, EV 104.4 MPH)
Batting: RHB Justin Rottier 0-0: Fly out, F9 (Flyball, 9S, EV 74.4 MPH)
Batting: LHB Curt Kruse 0-0: Called Strike
0-1: Ball
1-1: Swinging Strike
1-2: Strikes out swinging
Bottom of the 1st over - 0 runs, 1 hit, 0 errors, 1 left on base; Lancaster 0 - Rancho Cucamonga 0
TOP OF THE 2ND
Lancaster JetHawks batting - Pitching for Rancho Cucamonga Quakes : LHP Jesus Ocana
Batting: RHB Chad Erickson 0-0: Foul Ball, location: 2F
0-1: Ball
1-1: Called Strike
1-2: Foul Ball, location: 9LSF
1-2: Strikes out swinging
Batting: RHB Oscar Garza 0-0: Foul Ball, location: 2F
0-1: Swinging Strike
0-2: Strikes out looking
Batting: RHB Alex Romero 0-0: Called Strike
0-1: Foul Ball, location: 2F
0-2: Foul Ball, location: 2F
0-2: Ball
1-2: Strikes out looking
Top of the 2nd over - 0 runs, 0 hits, 0 errors, 0 left on base; Lancaster 0 - Rancho Cucamonga 0
BOTTOM OF THE 2ND
Rancho Cucamonga Quakes batting - Pitching for Lancaster JetHawks : RHP Avery Norris
Batting: RHB Bryan Chambers 0-0: Ball
1-0: Ball
2-0: Called Strike
2-1: Called Strike
2-2: Foul Ball, location: 2LF
2-2: Strikes out swinging
Batting: RHB Ernesto Lopez 0-0: Foul Ball, location: 5F
0-1: Called Strike
0-2: Ball
1-2: Ball
2-2: Ball
3-2: Base on Balls
Batting: RHB Pete Betts 0-0: Called Strike
0-1: Called Strike
0-2: SINGLE (Groundball, 25, EV 73.8 MPH) (infield hit)
Ernesto Lopez to second
Batting: LHB Terry Walker 0-0: Fly out, F6 (Popup, 6, EV 61.9 MPH)
Batting: RHB Rickey Hummel 0-0: Ball
1-0: Ball
2-0: Foul Ball, location: 9LSF
2-1: Foul Ball, location: 2F
2-2: Ball
3-2: Ground out 6-3 (Groundball, 6S, EV 81.9 MPH)
Bottom of the 2nd over - 0 runs, 1 hit, 0 errors, 2 left on base; Lancaster 0 - Rancho Cucamonga 0
TOP OF THE 3RD
Lancaster JetHawks batting - Pitching for Rancho Cucamonga Quakes : LHP Jesus Ocana
Batting: RHB Gary Wilson 0-0: Ball
1-0: Swinging Strike
1-1: Foul Ball, location: 23F
1-2: Ball
2-2: Ball
3-2: Fly out, F7 (Flyball, 7LM, EV 91.9 MPH)
Batting: RHB Paul Baudry 0-0: Called Strike
0-1: Swinging Strike
0-2: Ball
1-2: Ball
2-2: SOLO HOME RUN (Flyball, 78XD, EV 106.9 MPH), Distance : 422 ft
Pitching: RHP Billy McMahon
Batting: RHB Travis Goodman 0-0: Foul Ball, location: 2F
0-1: Called Strike
0-2: Ball
1-2: SINGLE (Groundball, 6MD, EV 101.9 MPH)
Batting: RHB Danny Malave 0-0: Ball
1-0: SINGLE (Groundball, 34, EV 104.4 MPH)
Travis Goodman to second
Runner from 2nd tries for 3rd, SAFE, no throw by RF
Batting: RHB Matt Widman 0-0: Swinging Strike
0-1: Ball
1-1: Foul Ball, location: 3F
1-2: Fly out, F3 (Popup, 3SF, EV 78.1 MPH)
Batting: RHB James Woodard 0-0: Foul Ball, location: 2F
0-1: Called Strike
0-2: Ball
1-2: Ball
2-2: Strikes out swinging
Top of the 3rd over - 1 run, 3 hits, 0 errors, 2 left on base; Lancaster 1 - Rancho Cucamonga 0
BOTTOM OF THE 3RD
Rancho Cucamonga Quakes batting - Pitching for Lancaster JetHawks : RHP Avery Norris
Batting: SHB Ramon Faustino 0-0: Ball
1-0: Foul Ball, location: 5SF
1-1: Ball
2-1: Ball
3-1: Foul Ball, location: 9LMF
3-2: Base on Balls
Batting: LHB Morgan Fiore 0-0: Called Strike
0-1: Called Strike
0-2: Strikes out swinging
Batting: RHB Justin Rottier 0-0: Ball
Ramon Faustino steals 2nd base
1-0: Called Strike
1-1: SINGLE (Groundball, 4M, EV 98.1 MPH) (infield hit)
Ramon Faustino to third
Batting: LHB Curt Kruse 0-0: Ball
1-0: Ball
2-0: Called Strike
2-1: Swinging Strike
2-2: Strikes out looking
Batting: RHB Bryan Chambers 0-0: Swinging Strike
0-1: Swinging Strike
0-2: Strikes out swinging
Bottom of the 3rd over - 0 runs, 1 hit, 0 errors, 2 left on base; Lancaster 1 - Rancho Cucamonga 0
TOP OF THE 4TH
Lancaster JetHawks batting - Pitching for Rancho Cucamonga Quakes : RHP Billy McMahon
Batting: RHB Chad Erickson 0-0: SINGLE (Flyball, 78S, EV 96.3 MPH)
Batting: RHB Oscar Garza 0-0: Called Strike
0-1: Ball
1-1: Swinging Strike
1-2: Ball
2-2: Strikes out swinging
Batting: RHB Alex Romero 0-0: Foul Ball, location: 2F
0-1: Swinging Strike
0-2: Foul Ball, location: 9LMF
0-2: Ball
1-2: Ball
2-2: Ball
3-2: Foul Ball, location: 5F
3-2: Base on Balls
Chad Erickson to second
Batting: RHB Gary Wilson 0-0: Swinging Strike
0-1: Swinging Strike
0-2: Foul Ball, location: 9LMF
0-2: Strikes out swinging
Batting: RHB Paul Baudry 0-0: DOUBLE (Line Drive, 3D, EV 110.6 MPH)
Chad Erickson scores
Alex Romero to third
Runner from 3rd tries for Home, throw by RF and OUT! 9-4-2
Top of the 4th over - 1 run, 2 hits, 0 errors, 1 left on base; Lancaster 2 - Rancho Cucamonga 0
BOTTOM OF THE 4TH
Rancho Cucamonga Quakes batting - Pitching for Lancaster JetHawks : RHP Avery Norris
Batting: RHB Ernesto Lopez 0-0: Called Strike
0-1: Ball
1-1: Ball
2-1: Called Strike
2-2: Ball
3-2: Base on Balls
Batting: RHB Pete Betts 0-0: Called Strike
0-1: Called Strike
0-2: Ball
1-2: Ball
2-2: Ball
3-2: Strikes out swinging
Batting: LHB Terry Walker 0-0: Ball
1-0: Fly out, F8 (Flyball, 78D, EV 90.6 MPH)
Batting: RHB Rickey Hummel 0-0: Ball
Ernesto Lopez steals 2nd, throwing error, E2
Ernesto Lopez to third
1-0: Fly out, F8 (Flyball, 8LD, EV 94.4 MPH)
Bottom of the 4th over - 0 runs, 0 hits, 1 error, 1 left on base; Lancaster 2 - Rancho Cucamonga 0
TOP OF THE 5TH
Lancaster JetHawks batting - Pitching for Rancho Cucamonga Quakes : RHP Billy McMahon
Batting: RHB Travis Goodman 0-0: Ball
1-0: Swinging Strike
1-1: Ball
2-1: Ball
3-1: Foul Ball, location: 5F
3-2: Strikes out looking
Batting: RHB Danny Malave 0-0: Ball
1-0: Ball
2-0: Ball
3-0: Base on Balls
Batting: RHB Matt Widman 0-0: Ball
1-0: Called Strike
Danny Malave steals 2nd base
1-1: Fly out, F8 (Flyball, 8RXD, EV 92.5 MPH)
Runner from 2nd tags up, SAFE at 3rd, no throw by CF
Batting: RHB James Woodard 0-0: Ball
1-0: SINGLE (Groundball, 2L, EV 65.6 MPH) (infield hit)
Danny Malave scores
Batting: RHB Chad Erickson 0-0: Called Strike
James Woodard steals 2nd base
0-1: Ball
1-1: Foul Ball, location: 25F
1-2: DOUBLE (Flyball, 8RXD, EV 106.3 MPH)
James Woodard scores
Pitching: LHP Sean Cowan
Batting: RHB Oscar Garza 0-0: Ball
1-0: Called Strike
1-1: Foul Ball, location: 2F
1-2: Ball
2-2: Foul Ball, location: 2F
2-2: Fly out, F8 (Flyball, 8RXD, EV 96.9 MPH)
Top of the 5th over - 2 runs, 2 hits, 0 errors, 1 left on base; Lancaster 4 - Rancho Cucamonga 0
BOTTOM OF THE 5TH
Rancho Cucamonga Quakes batting - Pitching for Lancaster JetHawks : RHP Avery Norris
Batting: SHB Ramon Faustino 0-0: Ball
1-0: Ball
2-0: DOUBLE (Line Drive, 89D, EV 110.0 MPH)
Batting: LHB Morgan Fiore 0-0: Ball
1-0: Ball
2-0: Called Strike
2-1: SINGLE (Line Drive, 56D, EV 96.9 MPH)
Ramon Faustino to third
Batting: RHB Justin Rottier 0-0: Foul Ball, location: 3F
0-1: Ball
1-1: Called Strike
1-2: Fly out, F4 (Popup, 34D, EV 54.4 MPH)
Batting: LHB Curt Kruse 0-0: Fielders Choice at 2nd, 4-6 (Groundball, 34, EV 106.3 MPH)
Ramon Faustino scores
Batting: RHB Bryan Chambers 0-0: Called Strike
0-1: Ball
1-1: Ball
2-1: SINGLE (Groundball, 6S, EV 71.3 MPH) (infield hit)
Curt Kruse to second
Batting: RHB Ernesto Lopez 0-0: Swinging Strike
0-1: Ground out 2-3 (Groundball, 2L, EV 62.5 MPH)
Bottom of the 5th over - 1 run, 3 hits, 0 errors, 2 left on base; Lancaster 4 - Rancho Cucamonga 1
TOP OF THE 6TH
Lancaster JetHawks batting - Pitching for Rancho Cucamonga Quakes : LHP Sean Cowan
Batting: RHB Alex Romero 0-0: SINGLE (Line Drive, 4MD, EV 96.9 MPH)
Batting: RHB Gary Wilson 0-0: Foul Ball, location: 2F
0-1: Swinging Strike
0-2: Foul Ball, location: 5FF
0-2: Ball
1-2: Ball
2-2: Ball
3-2: Ground out 6-3 (Groundball, 6, EV 88.1 MPH)
Alex Romero to second
Batting: RHB Paul Baudry 0-0: Called Strike
0-1: Ball
1-1: DOUBLE (Line Drive, 9LS, EV 97.5 MPH)
Alex Romero scores
Batting: RHB Travis Goodman 0-0: Ball
1-0: Called Strike
1-1: Ground out 4-3 (Groundball, 4D, EV 104.4 MPH)
Paul Baudry to third
Batting: RHB Danny Malave 0-0: Fly out, F8 (Flyball, 8LS, EV 98.8 MPH)
Top of the 6th over - 1 run, 2 hits, 0 errors, 1 left on base; Lancaster 5 - Rancho Cucamonga 1
BOTTOM OF THE 6TH
Rancho Cucamonga Quakes batting - Pitching for Lancaster JetHawks : RHP Avery Norris
Batting: RHB Pete Betts 0-0: Called Strike
0-1: Swinging Strike
0-2: Strikes out swinging
Batting: LHB Terry Walker 0-0: Called Strike
0-1: Swinging Strike
0-2: Foul Ball, location: 7LDF
0-2: Foul Ball, location: 7LSF
0-2: Strikes out swinging
Batting: RHB Rickey Hummel 0-0: Ball
1-0: Foul Ball, location: 9LSF
1-1: Swinging Strike
1-2: Ball
2-2: Strikes out swinging
Bottom of the 6th over - 0 runs, 0 hits, 0 errors, 0 left on base; Lancaster 5 - Rancho Cucamonga 1
TOP OF THE 7TH
Lancaster JetHawks batting - Pitching for Rancho Cucamonga Quakes : LHP Sean Cowan
Batting: RHB Matt Widman 0-0: Foul Ball, location: 9LDF
0-1: Called Strike
0-2: Strikes out swinging
Batting: RHB James Woodard 0-0: Foul Ball, location: 9LDF
0-1: Swinging Strike
0-2: Strikes out swinging
Batting: RHB Chad Erickson 0-0: Foul Ball, location: 2F
0-1: Ball
1-1: Called Strike
1-2: Ball
2-2: Strikes out swinging
Top of the 7th over - 0 runs, 0 hits, 0 errors, 0 left on base; Lancaster 5 - Rancho Cucamonga 1
BOTTOM OF THE 7TH
Rancho Cucamonga Quakes batting - Pitching for Lancaster JetHawks : RHP Avery Norris
Batting: SHB Ramon Faustino 0-0: Called Strike
0-1: Swinging Strike
0-2: Ball
1-2: Foul Ball, location: 7LSFF
1-2: Ball
2-2: Ground out 1-3 (Groundball, 13S, EV 72.5 MPH)
Batting: LHB Morgan Fiore 0-0: Foul Ball, location: 3F
0-1: Ground out 4-3 (Groundball, P, EV 79.4 MPH)
Batting: RHB Justin Rottier 0-0: Foul Ball, location: 2F
0-1: Foul Ball, location: 7LMF
0-2: Ball
1-2: Foul Ball, location: 23F
1-2: DOUBLE (Flyball, 89D, EV 98.1 MPH)
Pitching: RHP Mike Hagerman
Batting: LHB Curt Kruse 0-0: Called Strike
0-1: Called Strike
0-2: Foul Ball, location: 7LDF
0-2: Strikes out swinging
Bottom of the 7th over - 0 runs, 1 hit, 0 errors, 1 left on base; Lancaster 5 - Rancho Cucamonga 1
TOP OF THE 8TH
Lancaster JetHawks batting - Pitching for Rancho Cucamonga Quakes : LHP Sean Cowan
Batting: RHB Oscar Garza 0-0: Called Strike
0-1: Called Strike
0-2: Ball
1-2: Ball
2-2: Foul Ball, location: 2F
2-2: Strikes out swinging
Batting: RHB Alex Romero 0-0: Called Strike
0-1: Foul Ball, location: 9LMF
0-2: Foul Ball, location: 2F
0-2: Ball
1-2: Strikes out swinging
Batting: RHB Gary Wilson 0-0: Ball
1-0: Called Strike
1-1: Fly out, F6 (Line Drive, 56D, EV 72.5 MPH)
Top of the 8th over - 0 runs, 0 hits, 0 errors, 0 left on base; Lancaster 5 - Rancho Cucamonga 1
BOTTOM OF THE 8TH
Rancho Cucamonga Quakes batting - Pitching for Lancaster JetHawks : RHP Mike Hagerman
Batting: RHB Bryan Chambers 0-0: Called Strike
0-1: Ball
1-1: Ball
2-1: Ground out 6-3 (Groundball, 56, EV 82.5 MPH)
Pinch Hitting: SHB Joe Bateman 0-0: Fly out, F8 (Flyball, 8LD, EV 81.9 MPH)
Batting: RHB Pete Betts 0-0: SINGLE (Line Drive, 7LS, EV 94.4 MPH)
Batting: LHB Terry Walker 0-0: Called Strike
0-1: Ball
1-1: Swinging Strike
1-2: Strikes out swinging
Bottom of the 8th over - 0 runs, 1 hit, 0 errors, 1 left on base; Lancaster 5 - Rancho Cucamonga 1
TOP OF THE 9TH
Lancaster JetHawks batting - Pitching for Rancho Cucamonga Quakes : LHP Sean Cowan
Pitching: LHP Sam van de Bunt
Now in CF: Joe Coates
Batting: RHB Paul Baudry 0-0: Ball
1-0: Foul Ball, location: 25FF
1-1: Ground out 5-3 (Groundball, 56, EV 85.0 MPH)
Batting: RHB Travis Goodman 0-0: Ball
1-0: Foul Ball, location: 3DF
1-1: Ball
2-1: Ball
3-1: Called Strike
3-2: Fly out, F5 (Popup, 5SF, EV 63.1 MPH)
Batting: RHB Danny Malave 0-0: Called Strike
0-1: Ball
1-1: Ball
2-1: Foul Ball, location: 7LMF
2-2: Strikes out looking
Top of the 9th over - 0 runs, 0 hits, 0 errors, 0 left on base; Lancaster 5 - Rancho Cucamonga 1
BOTTOM OF THE 9TH
Rancho Cucamonga Quakes batting - Pitching for Lancaster JetHawks : RHP Mike Hagerman
Batting: RHB Rickey Hummel 0-0: Called Strike
0-1: Foul Ball, location: 9LDF
0-2: Foul Ball, location: 2F
0-2: Ball
1-2: Strikes out swinging
Batting: SHB Ramon Faustino 0-0: Ball
1-0: Called Strike
1-1: Foul Ball, location: 23FF
1-2: Ball
2-2: Fly out, F8 (Flyball, 8RD, EV 101.9 MPH)
Batting: LHB Morgan Fiore 0-0: Ball
1-0: Ball
2-0: Ball
3-0: Base on Balls
Batting: RHB Justin Rottier 0-0: Foul Ball, location: 2F
0-1: Swinging Strike
0-2: Hit by Pitch
Morgan Fiore to second
Batting: LHB Curt Kruse 0-0: Ball
1-0: Foul Ball, location: 2F
1-1: Foul Ball, location: 7LDF
1-2: Strikes out swinging, 2-3 out at first.
Bottom of the 9th over - 0 runs, 0 hits, 0 errors, 2 left on base; Lancaster 5 - Rancho Cucamonga 1
Sunday, May 5th , 2024 - OOTP Baseball 24.11 Build 85